 Dungeon Crawl Stone Soup version 0.13.0-59-g13bd910 (webtiles) character file.

79388 chacha the Wrestler (level 15, -1/116 (118) HPs)
             Began as a Ghoul Monk on Nov 19, 2013.
             Was the Champion of Yredelemnul.
             Slain by an orc warrior
             ... wielding a -1,+0 orcish halberd
             ... led by an orc warlord
              (14 damage)
             ... on Level 4 of the Orcish Mines on Nov 20, 2013.
             The game lasted 03:28:55 (33706 turns).

chacha the Wrestler (Ghoul Monk)                   Turns: 33706, Time: 03:28:58

HP  -1/116 (118) AC 12     Str 27      XL: 15   Next: 57%
MP   0/18        EV 13     Int  8      God: Yredelemnul [******]
Gold 1833        SH  0     Dex 11      Spells:  0 memorised, 14 levels left

Res.Fire  : + . .   See Invis. : .     - Unarmed
Res.Cold  : + . .   Warding    : .   A - +2 robe {rF+}
Life Prot.: + + +   Conserve   : .   (no shield)
Res.Poison: +       Res.Corr.  : .   b - +1 golden helmet
Res.Elec. : .       Clarity    : .   Z - +0 cloak
Sust.Abil.: . .     Spirit.Shd : +   (no gloves)
Res.Mut.  : .       Stasis     : .   z - +0 pair of boots "Seimab" {Str+4 Int+1}
Res.Rott. : +       Flight     : .   p - amulet of guardian spirit
Saprovore : + + +                    Y - +4 ring of protection
                                     W - +3 ring of strength

@: rotting, somewhat resistant to hostile enchantments, fairly stealthy
A: rotting body, claws 1, carnivore 3, cold resistance 1, life protection 3,
poison resistance, saprovore 3, slow healing 1, torment resistance, unbreathing
a: Animate Dead, Recall Undead Slaves, Injury Mirror, Drain Life, Enslave Soul,
Renounce Religion


You were on level 4 of the Orcish Mines.
You worshipped Yredelemnul.
Yredelemnul was exalted by your worship.
You were not hungry.

You visited 5 branches of the dungeon, and saw 30 of its levels.
You also visited: Volcano.

You collected 2138 gold pieces.
You spent 305 gold pieces at shops.

Inventory:

Hand weapons
 r - the +12 blowgun "Ocof Cie" {evade, Dex+1 SInv}
   (You found it on level 1 of the Lair of Beasts)

   It affects your evasion (+5 to EV).
   It affects your dexterity (+1).
   It enhances your eyesight.
Armour
 b - a +1 golden helmet (worn)
 z - the +0 pair of boots "Seimab" (worn) {Str+4 Int+1}
   (You found it on level 8 of the Dungeon)

   It affects your strength (+4).
   It affects your intelligence (+1).
 A - a +2 robe of fire resistance (worn)
 Z - a +0 cloak (worn)
Magical devices
 g - a wand of confusion (11)
 m - a wand of flame (7)
 n - a wand of fire (8)
 o - a wand of frost (14)
 B - a wand of flame (8)
 D - a wand of disintegration (11)
 F - a wand of lightning (3)
 G - a wand of hasting (0)
 H - a wand of cold (4)
 K - a wand of digging (8)
 L - a wand of random effects (7)
 N - a wand of paralysis (10)
 R - a wand of enslavement (9)
 S - a wand of fireball (2)
 V - a wand of flame (12)
Comestibles
 i - 9 meat rations
Scrolls
 a - 2 scrolls of recharging {unknown}
 c - 5 scrolls of remove curse
 d - 2 scrolls of teleportation
 e - a scroll of enchant armour
 f - 2 scrolls of fear {unknown}
 h - 2 scrolls of identify
 v - a scroll of immolation {unknown}
 y - 4 scrolls of magic mapping
 M - a scroll of holy word {unknown}
 Q - 2 scrolls of enchant weapon III {unknown}
 U - 3 scrolls of fog
Jewellery
 p - an amulet of guardian spirit (around neck)
 q - an uncursed amulet of warding
 s - an uncursed ring of teleportation
 O - an uncursed amulet of clarity
 W - a +3 ring of strength (left claw)
 X - an uncursed amulet of conservation
 Y - a +4 ring of protection (right claw)
Potions
 j - 2 potions of agility
 t - 4 potions of restore abilities
 w - 2 potions of magic
 C - 2 potions of flight
 E - 2 potions of brilliance


   Skills:
 * Level 8.2 Fighting
 - Level 3.1 Dodging
 - Level 2.1 Stealth
 - Level 25.0 Unarmed Combat
 - Level 3.3 Invocations
 - Level 1.0 Evocations


You had 14 spell levels left.
You didn't know any spells.

Dungeon Overview and Level Annotations

Branches:
Dungeon (12/27)            Temple (1/1) D:5             Orc (4/4) D:8
   Lair (8/8) D:11         Shoals (0/5) Lair:6        Snake (5/5) Lair:3
  Slime (0/6) Lair:8
    Elf: Orc:3-4

Altars:
Ashenzari
Cheibriados
Elyvilon
Fedhas
Kikubaaqudgha
Makhleb
Nemelex Xobeh
Okawaru
Sif Muna
Trog
Vehumet
Xom
Yredelemnul
Zin
the Shining One

Shops:
D:5 %//!%   D:12 /   Orc:3 /   Orc:4 ?[   Snake:4 %

Portals:
Ziggurat: D:3 (2740 gp)


Innate Abilities, Weirdness & Mutations

Your body is rotting away.
You have sharp fingernails.
You are carnivorous and can eat meat at any time.
Your flesh is cold resistant.
You are immune to negative energy.
Your system is resistant to poisons.
You thrive on rotten meat.
You heal slowly.
You are immune to unholy pain and torment.
You can survive without breathing.


Message History

You kill the orc warrior!
Yredelemnul accepts your kill.
You barely miss the orc warrior.
The orc warrior hits you with an orcish scimitar!
Your phantasmal warrior barely misses the orc warrior.
You eviscerate the orc warrior!!!
You kill the orc warrior!
Yredelemnul accepts your kill.
The orc warrior hits you from afar with an orcish halberd!
* * * LOW HITPOINT WARNING * * *
The orc warrior hits you from afar with an orcish trident!
* * * LOW HITPOINT WARNING * * *
A goblin comes into view. It is wielding an orcish trident.
You swap places.
The orc warrior throws an orcish dagger.
The orcish dagger hits your phantasmal warrior.
The goblin throws an orcish club.
The orcish club misses you.
The orc warrior hits you from afar with an orcish halberd!
You die...
Yredelemnul claims you as an undead slave.

#.............o......#
#............o...#.).).
..#..................).#
##.................<.....)#
.#.............)...........)
..............o.).......)...#
............))Wo)[............
#........#...)))..............#
#............@).........#.....
#.........)<................
#.......)..................
##..#.#.........g..........
##..###....................
#))..##....................
#)))............[..).......
##)...#...)%...........<...
#....#.....).#.............


You could see 2 orc warriors, a goblin and a friendly phantasmal warrior.

Vanquished Creatures
  A greater naga (Snake:3)
  Fannar (Orc:3)
  4 anacondas
  3 hydras
  A death yak (Lair:6)
  2 orc high priests
  Urug (D:11)
  A deep troll (Orc:4)
  2 hill giants
  Joseph (Orc:3)
  An orc knight (Orc:3)
  2 cyclopes (D:12)
  An oklob plant (Lair:7)
  8 elephants
  Maurice (Orc:1)
  3 guardian serpents
  9 spiny frogs
  A feature mimic (Orc:2)
  An orange demon (Orc:4)
  14 black mambas
  A fire drake (Lair:5)
  Grinder (D:4)
  A blue devil (Orc:3)
  5 naga magi
  3 trolls
  2 giant leeches (Lair:8)
  An iron devil (Orc:3)
  6 komodo dragons
  11 blink frogs
  A basilisk (Lair:2)
  A wyvern (D:10)
  A shadow (D:12)
  3 sharks (D:11)
  An elephant slug (Lair:8)
  12 yaks
  6 hippogriffs
  A deep elf fighter (D:11)
  2 hill giant skeletons
  A manticore (D:8)
  A mottled dragon (D:12)
  3 vampire mosquitoes (Lair:8)
  17 wolves
  14 orc warriors
  A necrophage (D:5)
  12 porcupines
  3 ice beasts
  3 sky beasts
  2 giant goldfish (D:11)
  28 nagas
  A boring beetle (Lair:8)
  3 yellow wasps
  7 centaurs
  5 phantoms
  15 ogres
  3 giant slugs
  4 crocodiles
  2 wargs
  A cyclops zombie (D:12)
  A silver statue (Snake:5)
  2 manticore zombies (D:12)
  29 water moccasins
  3 agate snails
  18 giant frogs
  A wyvern skeleton (D:8)
  2 giant goldfish zombies (D:4)
  A yak zombie (D:12)
  6 wights
  5 killer bees
  6 crimson imps
  A vampire bat (D:7)
  3 goliath beetles
  7 jellyfish
  A quasit (D:7)
  3 electric eels (D:11)
  A giant frog zombie (D:12)
  4 hounds
  A water moccasin zombie (D:6)
  4 jellies
  2 big fish (Lair:3)
  19 orc priests
  A gnoll shaman (D:8)
  6 orange rats (Lair:4)
  A giant frog skeleton (D:10)
  4 scorpions
  10 iguanas
  25 orc wizards
  6 worker ants
  22 sheep
  A brain worm zombie (D:12)
  A hound zombie (D:6)
  A worker ant zombie (D:11)
  25 adders
  6 gnolls (D:8)
  3 giant centipedes
  39 green rats
  5 giant mites
  3 inept feature mimics
  A goliath beetle zombie (D:12)
  4 worms
  7 ufetubi
  2 grey rats (Lair:4)
  2 giant eyeballs
  2 oozes
  140 orcs
  A ball python (Snake:2)
  A bat skeleton (D:7)
  7 giant cockroaches
  11 hobgoblins
  18 jackals
  9 quokkas
  43 bats
  A giant cockroach zombie (D:6)
  3 giant geckos
  A giant gecko skeleton (D:7)
  7 giant newts
  A giant spore (D:7)
  15 goblins
  13 kobolds
  An orc skeleton (D:4)
  28 rats
  A rat skeleton (D:4)
  A ballistomycete (D:7)
  A bush (Lair:3)
  3 butterflies
  3 fungi
  7 plants
856 creatures vanquished.

Vanquished Creatures (collateral kills)
  Donald (Snake:1)
  Louise (Snake:1)
  2 greater nagas (Snake:5)
  Azrael (Snake:2)
  Snorg (Snake:3)
  4 hydras
  An anaconda (Snake:4)
  3 death yaks (Lair:6)
  6 naga warriors
  3 hill giants
  An oklob plant (Lair:7)
  2 griffons
  A guardian serpent (Snake:4)
  10 elephants
  9 black mambas
  8 spiny frogs (Lair:8)
  A komodo dragon (Lair:5)
  2 two-headed ogres
  A red devil (Snake:5)
  7 naga magi
  A giant leech (Lair:8)
  9 blink frogs
  2 basilisks
  3 fire elementals (Snake:2)
  5 yaks
  A hill giant zombie (D:10)
  A hungry ghost (D:10)
  4 vampire mosquitoes (Lair:8)
  A mottled dragon (D:10)
  3 hippogriffs
  3 wolves
  3 porcupines
  3 hell hounds (Snake:2)
  2 phantoms
  3 giant goldfish (D:11)
  61 nagas
  2 centaurs (Lair:6)
  4 ogres (Orc:4)
  A sky beast (D:11)
  11 giant frogs
  20 water moccasins
  5 crocodiles
  A giant slug (Lair:6)
  An agate snail (Lair:6)
  A big kobold (D:11)
  9 jellyfish (Lair:8)
  3 killer bees (D:11)
  2 electric eels (Lair:3)
  A giant frog zombie (D:11)
  A jelly (D:10)
  4 big fish
  A centaur skeleton (D:11)
  4 orange rats (Lair:4)
  2 iguanas
  A scorpion (Lair:5)
  11 sheep
  19 adders
  28 green rats
  A giant centipede (D:11)
  A worm (D:11)
  2 grey rats (Lair:4)
  A giant eyeball (D:11)
  11 orcs
  13 bats
  2 jackals (Lair:6)
  2 kobolds (D:11)
  3 quokkas
  8 rats
  9 fungi
  7 plants
362 creatures vanquished.

Vanquished Creatures (others)
  A death cob (Snake:4)
  A naga warrior (Snake:5)
  2 skeletal warriors
  2 flayed ghosts
  2 anaconda zombies (Snake:5)
  3 flaming corpses
  3 phantasmal warriors
  An elephant slug zombie (Lair:8)
  A naga mage (Snake:5)
  9 flying skulls
  3 black mamba zombies
  A wraith (Lair:7)
  A hill giant zombie (D:10)
  A black mamba skeleton (Snake:5)
  A deep troll zombie (Orc:4)
  2 spiny frog zombies
  An elephant zombie (Lair:2)
  2 freezing wraiths
  A naga skeleton (Snake:1)
  2 vampire mosquito zombies (Lair:8)
  A giant slug zombie (Lair:2)
  A wyvern zombie (D:10)
  2 troll zombies
  3 yak zombies (Lair:2)
  A human zombie (Orc:3)
  3 wights
  A hippogriff zombie (D:11)
  5 wolf zombies
  A wolf skeleton (Lair:4)
  6 water moccasin zombies
  3 giant frog zombies
  A warg zombie (Orc:4)
  2 porcupine zombies
  A killer bee zombie (D:11)
  A big kobold zombie (D:11)
  2 ogre zombies (Orc:4)
  A sky beast zombie (D:10)
  10 naga zombies
  A mummy (D:11)
  2 orange rat zombies (Lair:4)
  4 big fish zombies
  6 adder zombies
  An iguana skeleton (Lair:2)
  An iguana zombie (Lair:3)
  A giant centipede zombie (D:10)
  2 sheep zombies (Lair:2)
  A bat skeleton (Lair:5)
  A bat zombie (Lair:3)
  6 green rat zombies
  A grey rat zombie (Lair:4)
  A kobold zombie (D:10)
  2 orc skeletons
  30 orc zombies
  2 rat skeletons (D:11)
  5 butterflies (D:11)
  3 plants
155 creatures vanquished.

Grand Total: 1373 creatures vanquished

Notes
Turn   | Place    | Note
--------------------------------------------------------------
     0 | D:1      | chacha, the Ghoul Monk, began the quest for the Orb.
     0 | D:1      | Reached XP level 1. HP: 17/17 MP: 0/0
   187 | D:1      | Reached XP level 2. HP: 19/24 MP: 1/1
   768 | D:2      | Reached skill level 5 in Unarmed Combat
   768 | D:2      | Reached XP level 3. HP: 30/30 MP: 2/2
  1543 | D:3      | Found a glowing golden altar of the Shining One.
  1543 | D:3      | Found a white marble altar of Elyvilon.
  1660 | D:3      | Reached XP level 4. HP: 30/37 MP: 2/2
  1803 | D:3      | Reached skill level 6 in Unarmed Combat
  1954 | D:3      | Noticed a giant frog
  1963 | D:3      | Killed a giant frog
  1963 | D:3      | Reached XP level 5. HP: 20/43 MP: 1/3
  2061 | D:3      | Found a deep blue altar of Sif Muna.
  2184 | D:3      | Reached skill level 7 in Unarmed Combat
  2245 | D:3      | Found a gateway to a ziggurat.
  2245 | D:3      | Noticed an angel
  2245 | D:3      | Noticed an angel
  2278 | D:3      | Paralysed by a potion of paralysis for 3 turns
  2401 | D:3      | Reached XP level 6. HP: 27/50 MP: 4/4
  2483 | D:4      | Noticed Grinder
  2566 | D:5      | Entered Level 5 of the Dungeon
  2566 | D:5      | Found Ycsaik's Food Shoppe.
  2566 | D:5      | Found Cuur Awu's Magical Wand Emporium.
  2575 | D:5      | Found Unnunubi's Magical Wand Shop.
  2611 | D:5      | Found Bler's Distillery.
  2619 | D:5      | Bought a potion of heal wounds for 30 gold pieces
  2622 | D:5      | Found Doteh's Food Emporium.
  2752 | D:5      | Found a sparkling altar of Nemelex Xobeh.
  2799 | D:5      | Reached skill level 8 in Unarmed Combat
  3021 | D:5      | Found a staircase to the Ecumenical Temple.
  3050 | Temple   | Entered the Ecumenical Temple
  3431 | D:5      | Reached XP level 7. HP: 26/53 MP: 1/4
  3955 | D:5      | Reached skill level 9 in Unarmed Combat
  4116 | D:5      | Noticed a necrophage
  4131 | D:5      | Killed a necrophage
  4457 | D:5      | Paralysed by a giant eyeball for 2 turns
  4608 | D:6      | Reached skill level 10 in Unarmed Combat
  4743 | D:6      | Reached XP level 8. HP: 50/63 MP: 2/5
  5129 | D:6      | Reached skill level 11 in Unarmed Combat
  5141 | D:6      | Found a radiant altar of Vehumet.
  5608 | D:6      | Reached skill level 12 in Unarmed Combat
  6119 | D:7      | Reached XP level 9. HP: 20/68 MP: 4/6
  6538 | D:7      | Reached skill level 13 in Unarmed Combat
  6665 | D:7      | Found a staircase to the Ecumenical Temple.
  6670 | D:7      | the staircase to the Ecumenical Temple was a mimic.
  7019 | D:7      | Paralysed by a giant eyeball for 2 turns
  7950 | D:8      | Found a staircase to the Orcish Mines.
  7977 | D:8      | Got a pair of jewelled boots
  7978 | D:8      | Identified the +0 pair of boots "Seimab" {Str+4 Int+1} (You found it on level 8 of the Dungeon)
  8005 | D:8      | Reached skill level 14 in Unarmed Combat
  9000 | D:8      | Reached XP level 10. HP: 71/75 MP: 6/6
  9277 | D:8      | Reached skill level 15 in Unarmed Combat
  9839 | D:4      | Killed Grinder
  9968 | D:4      | Found a bloodstained altar of Trog.
 10495 | D:4      | Found a basalt altar of Yredelemnul.
 10509 | D:4      | Became a worshipper of Yredelemnul the Dark
 10509 | D:4      | Acquired Yredelemnul's first power
 10509 | D:4      | Acquired Yredelemnul's second power
 11277 | D:10     | Entered Level 10 of the Dungeon
 11325 | D:10     | Reached skill level 16 in Unarmed Combat
 11337 | D:10     | Found a shimmering altar of Xom.
 11350 | D:10     | Noticed a hill giant
 11383 | D:10     | Killed a hill giant
 11383 | D:10     | Reached skill level 1 in Invocations
 11402 | D:10     | Noticed a hill giant
 11408 | D:10     | Noticed a hill giant
 11411 | D:10     | Killed a hill giant
 11420 | D:10     | Killed a hill giant
 11719 | D:10     | Reached XP level 11. HP: 69/79 MP: 9/11
 11833 | D:10     | Acquired Yredelemnul's third power
 12513 | D:10     | Reached skill level 1 in Evocations
 12547 | D:10     | Reached skill level 17 in Unarmed Combat
 12952 | D:10     | Received a gift from Yredelemnul
 13480 | D:11     | Noticed Urug
 13495 | D:11     | Killed Urug
 13546 | D:11     | Paralysed by a giant eyeball for 4 turns
 13586 | D:11     | Received a gift from Yredelemnul
 13593 | D:11     | Noticed a seven-headed hydra
 13745 | D:12     | Found Plyklawk's Magical Wand Emporium.
 13754 | D:12     | Bought a wand of flame (13) for 75 gold pieces
 13754 | D:12     | Bought a wand of disintegration (16) for 200 gold pieces
 14403 | D:12     | Noticed a hill giant
 14403 | D:12     | Reached skill level 18 in Unarmed Combat
 14414 | D:12     | Killed a hill giant
 14775 | D:12     | Got a dazzling scale mail
 15065 | D:11     | Received a gift from Yredelemnul
 15072 | D:11     | Killed a seven-headed hydra
 15152 | D:11     | Found a staircase to the Lair.
 15164 | Lair:1   | Entered Level 1 of the Lair of Beasts
 15179 | Lair:1   | Reached XP level 12. HP: 6/79 MP: 1/14
 15465 | Lair:1   | Acquired Yredelemnul's fourth power
 15521 | Lair:1   | Reached skill level 19 in Unarmed Combat
 15945 | Lair:1   | Noticed a four-headed hydra
 15954 | Lair:1   | Killed a four-headed hydra
 16365 | Lair:1   | Got a warped blowgun
 16730 | Lair:2   | Reached skill level 20 in Unarmed Combat
 17199 | Lair:2   | Noticed a seven-headed hydra
 17210 | Lair:2   | Killed a seven-headed hydra
 17211 | Lair:2   | Received a gift from Yredelemnul
 18010 | Lair:3   | Found a staircase to the Snake Pit.
 18049 | Lair:3   | Acquired Yredelemnul's fifth power
 18071 | Lair:3   | Received a gift from Yredelemnul
 18815 | Lair:3   | Reached XP level 13. HP: 81/91 MP: 15/15
 19195 | Lair:4   | Reached skill level 21 in Unarmed Combat
 19216 | Lair:4   | Noticed a four-headed hydra
 19228 | Lair:4   | Killed a four-headed hydra
 19512 | Lair:4   | Noticed a five-headed hydra
 19523 | Lair:4   | Killed a five-headed hydra
 19992 | Lair:4   | Received a gift from Yredelemnul
 20990 | Lair:5   | Received a gift from Yredelemnul
 21105 | Lair:5   | Received a gift from Yredelemnul
 21183 | Lair:5   | Reached skill level 22 in Unarmed Combat
 21599 | Lair:5   | Received a gift from Yredelemnul
 21892 | Lair:6   | Received a gift from Yredelemnul
 22227 | Lair:6   | Found a staircase to the Shoals.
 22228 | Lair:6   | Received a gift from Yredelemnul
 23364 | Lair:7   | Identified the cursed -5 scale mail of Fyext {Str+3 Dex+1} (You found it on level 12 of the Dungeon)
 23366 | Lair:7   | Identified the +12 blowgun "Ocof Cie" {evade, Dex+1 SInv} (You found it on level 1 of the Lair of Beasts)
 23399 | Lair:7   | Received a gift from Yredelemnul
 23531 | Lair:7   | Reached XP level 14. HP: 62/98 MP: 16/16
 23644 | Lair:7   | Received a gift from Yredelemnul
 23651 | Lair:8   | Entered Level 8 of the Lair of Beasts
 23692 | Lair:8   | Found a dark tunnel.
 23707 | Volcano  | Entered a volcano
 23900 | Lair:8   | Reached skill level 23 in Unarmed Combat
 24145 | Lair:8   | Found a staircase to the Slime Pits.
 24264 | Lair:8   | Received a gift from Yredelemnul
 25116 | Lair:7   | Received a gift from Yredelemnul
 25256 | Snake:1  | Entered Level 1 of the Snake Pit
 25400 | Snake:1  | Noticed Donald
 25409 | Snake:1  | Killed Donald
 25494 | Snake:1  | Noticed Louise
 25515 | Snake:1  | Killed Louise
 25771 | Snake:1  | Received a gift from Yredelemnul
 25789 | Snake:1  | Identified 2 scrolls of acquirement
 25800 | Snake:1  | Got an opal-encrusted ring mail
 25801 | Snake:1  | Identified the +1 ring mail "Olucw" {rF+} (You acquired it on level 1 of the Snake Pit)
 26280 | Snake:2  | Reached skill level 24 in Unarmed Combat
 26989 | Snake:2  | Received a gift from Yredelemnul
 27120 | Snake:2  | Noticed Azrael
 27133 | Snake:2  | Killed Azrael
 27219 | Snake:2  | Received a gift from Yredelemnul
 27546 | Snake:3  | Noticed a greater naga
 27555 | Snake:3  | Killed a greater naga
 27664 | Snake:3  | Noticed Snorg
 27674 | Snake:3  | Killed Snorg
 28104 | Snake:4  | Found Haihoed's Food Boutique.
 28141 | Snake:4  | Reached XP level 15. HP: 55/105 MP: 9/18
 28564 | Snake:4  | Received a gift from Yredelemnul
 28841 | Snake:4  | cptwinky: hey gamers
 28841 | Snake:4  | chacha: hey and hi
 28882 | Snake:4  | monoball: sup
 28882 | Snake:4  | cptwinky: *makes the "good luck i'm behind 7000 skeletons" face*
 28882 | Snake:4  | chacha: i gota get food brb
 28882 | Snake:4  | chacha: i back
 29049 | Snake:5  | Entered Level 5 of the Snake Pit
 29278 | Snake:5  | Reached skill level 25 in Unarmed Combat
 29632 | Snake:5  | Received a gift from Yredelemnul
 30324 | Snake:3  | Reached skill level 5 in Fighting
 31258 | Orc:1    | Entered Level 1 of the Orcish Mines
 31313 | Orc:1    | Noticed Maurice
 31324 | Orc:1    | Killed Maurice
 31624 | Orc:3    | Noticed Joseph
 31640 | Orc:3    | Killed Joseph
 31705 | Orc:3    | Found Ratwet's Magical Wand Boutique.
 31838 | Orc:3    | Noticed Fannar
 31848 | Orc:3    | Killed Fannar
 31917 | Orc:3    | Your ally Joseph died
 32046 | Orc:3    | Lost intelligence.
 32322 | Orc:4    | Entered Level 4 of the Orcish Mines
 32862 | Orc:4    | Found Cheisez's Magic Scroll Shop.
 32879 | Orc:4    | Found Klal's Antique Armour Boutique.
 33702 | Orc:4    | Received a gift from Yredelemnul
 33706 | Orc:4    | Slain by an orc warrior

Action                   |  1- 3 |  4- 6 |  7- 9 | 10-12 | 13-15 || total
-------------------------+-------+-------+-------+-------+-------++-------
Melee: Unarmed           |   110 |   164 |   409 |   741 |  1116 ||  2540
Invok: Animate Remains   |       |       |       |    10 |       ||    10
       Animate Dead      |       |       |       |    35 |    93 ||   128
       Recall Undead Sla |       |       |       |     8 |    16 ||    24
       Stop Recall       |       |       |       |       |     1 ||     1
       Drain Life        |       |       |       |       |     3 ||     3
Evoke: Wand              |       |       |       |    16 |    21 ||    37
  Use: Scroll            |     3 |     1 |     5 |    16 |    14 ||    39
       Potion            |     1 |     7 |     5 |     8 |    15 ||    36
 Stab: Sleeping          |     3 |     1 |     8 |     3 |     7 ||    22
       Distracted        |     1 |       |     3 |     9 |    13 ||    26
       Invisible         |       |     1 |       |       |       ||     1
